 Dungeon Crawl Stone Soup version 0.26-a0-490-gf8362a0c98 (webtiles) character file.

Game seed: 9468006417736464256

26146 KristoblXynda the Carver (level 12, -2/86 HPs)
             Began as a Vampire Gladiator on Aug 4, 2020.
             Was a High Priest of Ashenzari.
             Slain by a minotaur
             ... wielding a +4 quarterstaff of speed
              (9 damage)
             ... in a Gauntlet.
             The game lasted 00:29:25 (15325 turns).

KristoblXynda the Carver (Vampire Gladiator)       Turns: 15325, Time: 00:29:26

Health: -2/86      AC: 15    Str: 14    XL:     12   Next: 95%
Magic:  12/12      EV: 17    Int: 15    God:    Ashenzari [*****.]
Gold:   1515       SH: 11    Dex: 20    Spells: 7/11 levels left

rFire    . . .     SeeInvis +   N - +4 scimitar (flame) (curse)
rCold    + + .     Faith    .   M - +0 buckler (curse)
rNeg     . . .     Spirit   .   z - +2 scale mail {rC+} (curse)
rPois    +         Reflect  +   c - +0 helmet
rElec    .         Harm     .   (no cloak)
rCorr    .         Clarity  +   m - +0 pair of gloves
MR       +....     NoTele   +   l - +1 pair of boots
Stlth    +++.......             P - amulet of reflection (curse)
HPRegen  0.44/turn              b - ring of poison resistance (curse)
MPRegen  0.13/turn              q - ring "Voscholebb" {+Fly rC+ Dex+5}

@: regenerating quickly
A: fangs 3, see invisible, unbreathing
a: Exsanguinate, Curse Item, Scrying, Transfer Knowledge, Renounce Religion,
Evoke Flight


You were in a Gauntlet.
You worshipped Ashenzari.
Ashenzari was extremely pleased with you.
You visited 4 branches of the dungeon, and saw 17 of its levels.
You also visited: Ossuary and Gauntlet.

You collected 1755 gold pieces.
You spent 240 gold pieces at shops.

Inventory:

Hand Weapons
 N - a cursed +4 scimitar of flaming (weapon)
Missiles
 d - 5 throwing nets (quivered)
Armour
 a - a +2 buckler
 c - a +0 helmet (worn)
 l - a +1 pair of boots (worn)
 m - a +0 pair of gloves (worn)
 z - a cursed +2 scale mail of cold resistance (worn)
 F - the +1 leather armour of the Candlemaker {rF+ Str+3}
   (You found it in a Gauntlet)

   It affects your strength (+3).
   It protects you from fire.
 M - a cursed +0 buckler (worn)
Jewellery
 b - a cursed ring of poison resistance (left hand)
 e - a +6 ring of dexterity
 q - the ring "Voscholebb" (right hand) {+Fly rC+ Dex+5}
   (You found it in a Gauntlet)

   [ring of flight]

   It affects your dexterity (+5).
   It protects you from cold.
   It lets you fly.
 t - an uncursed ring of protection from fire
 u - an uncursed ring of flight
 P - a cursed amulet of reflection (around neck)
 Q - an uncursed ring of ice
Wands
 p - a wand of clouds (2)
 r - a wand of disintegration (6)
 y - a wand of paralysis (8)
 B - a wand of digging (10)
 E - a wand of iceblast (3)
Scrolls
 h - 3 scrolls of enchant weapon
 j - 3 scrolls of enchant armour
 k - 3 scrolls of immolation
 n - a scroll of fog
 o - 3 scrolls of remove curse
 v - 2 scrolls of silence
 A - 6 scrolls of teleportation
 C - 2 scrolls of brand weapon
 H - 2 scrolls of amnesia
Potions
 f - 2 potions of might
 g - 7 potions of curing
 i - a potion of stabbing
 s - 5 potions of flight
 w - a potion of lignification
 x - a potion of ambrosia
 D - a potion of cancellation
 G - a potion of resistance
 I - 2 potions of invisibility
 L - a potion of brilliance
 R - a potion of mutation {unknown}


   Skills:
 - Level 5.0 Fighting
 + Level 11.9(15.5) Long Blades
 - Level 2.0 Throwing
 + Level 7.9 Armour
 - Level 10.9 Dodging
 - Level 10.0 Stealth
 - Level 3.2(5.5) Shields
 + Level 8.8(11.4) Evocations


You had 7 spell levels left.
You knew the following spells:

 Your Spells              Type           Power        Failure   Level
a - Iskenderun's Mystic   Conj/Tloc      #.......     100%        4

Your spell library contained the following spells:

 Spells                   Type           Power        Failure   Level
 Corona                   Hex            #......      63%         1
 Magic Dart               Conj           #...         63%         1
 Blink                    Tloc           N/A          77%         2
 Call Imp                 Summ           #.......     77%         2
 Searing Ray              Conj           #.....       77%         2
 Slow                     Hex            #.......     77%         2
 Conjure Flame            Conj/Fire      #.......     94%         3
 Dazzling Flash           Conj/Hex       #.....       94%         3
 Inner Flame              Hex/Fire       #.......     94%         3
 Mephitic Cloud           Conj/Pois/Air  #.......     94%         3
 Portal Projectile        Hex/Tloc       #.....       94%         3
 Cause Fear               Hex            #.........   100%        4
 Fulminant Prism          Conj/Hex       #.........   100%        4
 Leda's Liquefaction      Hex/Erth       #.........   100%        4


Dungeon Overview and Level Annotations

Branches:
Dungeon (12/15)            Temple (1/1) D:5            Lair (3/6) D:10
  Snake (0/4) Lair:3          Orc (1/2) D:11        Ossuary (visited)
Gauntlet (1/1)
  Swamp: Lair:2-4    Shoals: Lair:2-4

Altars:
Ashenzari
Cheibriados
Dithmenos
Elyvilon
Fedhas
Gozag
Hepliaklqana
Kikubaaqudgha
Makhleb
Nemelex Xobeh
Okawaru
Qazlal
Ru
Sif Muna
Trog
Uskayaw
Vehumet
Wu Jian
Xom
Yredelemnul
Zin
The Shining One

Shops:
D:5 ?   D:7 =   Orc:1 *

Portals:
Trove: D:12 (give 15 scrolls of teleportation)

Annotations:
D:12 Azrael
Orc:1 Sonja Gauntlet 4 transporters


Innate Abilities, Weirdness & Mutations

Your natural rate of healing is unusually fast.
You have razor-sharp teeth.
You have supernaturally acute eyesight. (SInv)
You can survive without breathing.


Message History

The minotaur is engulfed in blazing flames.
The minotaur hits you but does no damage.
The minotaur gores you but does no damage.
Unknown command.
You hit the minotaur but do no damage.
The minotaur is severely wounded.
The minotaur hits you with a +4 quarterstaff of speed!
* * * LOW HITPOINT WARNING * * *
The minotaur gores you!
* * * LOW HITPOINT WARNING * * *
Unknown command.
You feel much better.
The minotaur hits you with a +4 quarterstaff of speed!!
* * * LOW HITPOINT WARNING * * *
You block the minotaur's attack.
Unknown command.
You feel better.
The minotaur is engulfed in blazing flames.
The minotaur hits you with a +4 quarterstaff of speed!
You die...

#≈≈≈#...### ###
#...#...#8. #..,
#...#.8.#©.
#.##.##.8.#.⌠.#8.
#.##....©.#.8.### **
*###.##.##.8.#...#.. #≈
#.#....##.©.#...#.#
#☼§§#.#.##.##.8.#.8.#.#
#§§§§H@(##....©.#.∩.#.#
#§§§#.#.##.##.8.#.8.#..
#§ #.#....##.©.#...#.#
###.##.##.8.#...#..
#.##....©.#.8.###
#.##.##.8.#.⌠.#8.
#....##...#.8.#©.
#######...#...#8.
#≈≈≈#...###


You could see a minotaur.

Vanquished Creatures
  Gastronok (Lair:1)
  A hydra (Lair:1)
  Fannar (Lair:2)
  Harold (Lair:1)
  Erica (D:10)
  4 death yaks (Gauntlet)
  A queen ant (Gauntlet)
  A hell hog (Gauntlet)
  A tengu warrior (Gauntlet)
  Pikel (D:5)
  An orc sorcerer (D:11)
  5 elephants (Lair:2)
  3 black mambas
  A torpor snail (Gauntlet)
  A rime drake (Lair:2)
  3 cane toads
  2 tengu conjurers (Gauntlet)
  2 komodo dragons
  A hornet (D:11)
  3 meliai (Gauntlet)
  A polar bear (Lair:1)
  A hippogriff (D:8)
  A vampire (D:10)
  Eustachio (D:5)
  2 fire elementals (D:12)
  12 yaks (Lair:2)
  Grum (Lair:1)
  3 fire bats (Gauntlet)
  4 vampire mosquitoes (D:12)
  6 wargs
  3 nagas (Lair:3)
  5 water moccasins
  3 hell hounds (Gauntlet)
  5 soldier ants (Gauntlet)
  3 orc warriors
  2 porcupines
  A black bear (D:9)
  An ice beast (D:6)
  A necrophage (D:8)
  2 phantoms (D:11)
  2 sky beasts
  4 ogres
  4 wolves (Lair:1)
  A crocodile (Lair:2)
  2 centaurs
  An elf zombie (D:5)
  8 bullfrogs
  2 elf skeletons (D:5)
  2 scorpions
  3 killer bees (D:7)
  3 wights (D:12)
  2 electric eels (Lair:1)
  4 howler monkeys
  2 centaur zombies (Ossuary)
  4 hounds
  3 jellies
  2 quasits
  A human zombie (Ossuary)
  3 orc priests
  8 orc wizards
  A bullfrog skeleton (D:11)
  A centaur skeleton (D:5)
  3 iguanas
  4 worker ants
  2 hound zombies
  A hound skeleton (D:6)
  3 mummies (Ossuary)
  A worker ant zombie (D:7)
  A howler monkey skeleton (D:10)
  11 adders
  A shadow imp (D:8)
  2 white imps
  An ufetubus (D:5)
  2 adder zombies
  3 worms
  A dart slug (D:2)
  3 leopard geckos
  26 orcs
  A ball python (D:3)
  4 giant cockroaches
  3 gnoll zombies (Ossuary)
  4 goblins
  10 hobgoblins
  3 jackals (D:4)
  10 kobolds
  6 quokkas
  5 bats
  11 frilled lizards
  A goblin zombie (Ossuary)
  A hobgoblin zombie (Ossuary)
  An orc skeleton (D:5)
  2 orc zombies (D:5)
  2 quokka skeletons
  A quokka zombie (D:7)
  5 rats
291 creatures vanquished.

Vanquished Creatures (collateral kills)
  3 nagas (Lair:3)
3 creatures vanquished.

Vanquished Creatures (others)
  An orc wizard (D:6)
  A fungus (Lair:2)
  A plant (Lair:2)
3 creatures vanquished.

Grand Total: 297 creatures vanquished

Notes
Turn   | Place    | Note
-------+----------+-------------------------------------------
     0 | D:1      | KristoblXynda the Vampire Gladiator began the quest for the
                  | Orb.
     0 | D:1      | Reached XP level 1. HP: 16/16 MP: 1/1
   253 | D:1      | Reached XP level 2. HP: 20/22 MP: 2/2
   814 | D:2      | Reached XP level 3. HP: 27/27 MP: 3/3
  1197 | D:2      | Found a faded altar of an unknown god.
  1707 | D:3      | Reached XP level 4. HP: 28/34 MP: 4/4
  2377 | D:4      | Reached skill level 1 in Armour
  2463 | D:4      | Reached XP level 5. HP: 35/40 MP: 5/5
  2535 | D:4      | Reached skill level 4 in Long Blades
  2909 | D:5      | Entered Level 5 of the Dungeon
  2924 | D:5      | Reached XP level 6. HP: 34/47 MP: 6/6
  2955 | D:5      | Found a staircase to the Ecumenical Temple.
  2968 | Temple   | Entered the Ecumenical Temple
  3006 | Temple   | Became a worshipper of Ashenzari the Shackled
  3102 | D:5      | Found Etuzxou's Magic Scroll Shop.
  3140 | D:5      | Noticed Pikel
  3192 | D:5      | Killed Pikel
  3192 | D:5      | Reached skill level 5 in Long Blades
  3192 | D:5      | Reached skill level 5 in Dodging
  3192 | D:5      | Reached XP level 7. HP: 42/54 MP: 7/7
  3241 | D:5      | Found a sand-covered staircase.
  3249 | Ossuary  | Entered an ossuary
  3539 | D:5      | Reached XP level 8. HP: 56/61 MP: 8/8
  3617 | D:5      | Found an opulent altar of Gozag.
  3643 | D:5      | Noticed Eustachio
  3718 | D:5      | Killed Eustachio
  4246 | D:6      | Reached skill level 5 in Fighting
  4321 | D:6      | Reached skill level 6 in Long Blades
  4386 | D:6      | Reached skill level 1 in Stealth
  4521 | D:6      | Found a snail-covered altar of Cheibriados.
  4536 | D:6      | Found a shimmering blue altar of Sif Muna.
  4584 | D:6      | Reached * piety under Ashenzari
  5490 | D:5      | Bought a scroll of brand weapon for 240 gold pieces
  5762 | D:7      | Reached XP level 9. HP: 50/68 MP: 9/9
  5917 | D:7      | Found Pazepn's Jewellery Shoppe.
  6253 | D:7      | Reached skill level 5 in Stealth
  6857 | D:8      | Reached skill level 7 in Long Blades
  6857 | D:8      | Reached skill level 5 in Armour
  7884 | D:9      | Reached skill level 1 in Evocations
  8537 | D:10     | Entered Level 10 of the Dungeon
  8614 | D:10     | Reached ** piety under Ashenzari
  8640 | D:10     | Found a staircase to the Lair.
  8674 | D:10     | Reached XP level 10. HP: 50/74 MP: 10/10
  8694 | D:10     | Reached skill level 1 in Shields
  9066 | D:10     | Noticed Erica
  9074 | D:10     | Killed Erica
  9074 | D:10     | Reached skill level 8 in Long Blades
  9866 | D:11     | Found a staircase to the Orcish Mines.
 10008 | D:11     | Learned a level 4 spell: Iskenderun's Mystic Blast
 10813 | Orc:1    | Entered Level 1 of the Orcish Mines
 10813 | Orc:1    | Found Futalali's Assorted Antiques.
 10813 | Orc:1    | Noticed Sonja
 10813 | Orc:1    | Noticed an orc sorcerer
 10822 | D:11     | Paralysed by an orc sorcerer for 4 turns
 10830 | D:11     | Killed an orc sorcerer
 11069 | D:12     | Reached *** piety under Ashenzari
 11207 | D:12     | Found a portal to a secret trove of treasure.
 11390 | D:12     | Noticed Azrael
 11490 | Lair:1   | Entered Level 1 of the Lair of Beasts
 11512 | Lair:1   | Noticed a cane toad
 11518 | Lair:1   | Killed a cane toad
 11518 | Lair:1   | Reached skill level 10 in Stealth
 11518 | Lair:1   | Reached XP level 11. HP: 64/79 MP: 11/11
 11567 | Lair:1   | Noticed Gastronok
 11593 | Lair:1   | Killed Gastronok
 11593 | Lair:1   | Reached skill level 9 in Long Blades
 11593 | Lair:1   | Reached skill level 10 in Dodging
 11603 | Lair:1   | Noticed Grum
 11607 | Lair:1   | Reached skill level 5 in Evocations
 11625 | Lair:1   | Killed Grum
 11633 | Lair:1   | Noticed a six-headed hydra
 11642 | Lair:1   | Killed a two-headed hydra
 12025 | Lair:1   | Noticed Harold
 12042 | Lair:1   | Killed Harold
 12455 | Lair:1   | Reached skill level 10 in Long Blades
 12807 | Lair:1   | Reached **** piety under Ashenzari
 13388 | Lair:2   | Reached XP level 12. HP: 21/86 MP: 12/12
 13802 | Lair:2   | Reached ***** piety under Ashenzari
 13820 | Lair:2   | Noticed Fannar
 13830 | Lair:2   | Killed Fannar
 13830 | Lair:2   | Reached skill level 11 in Long Blades
 14169 | Lair:2   | Identified a scroll of acquirement
 14169 | Lair:2   | Acquired 810 gold pieces
 14305 | Lair:3   | Found a staircase to the Snake Pit.
 14367 | Lair:3   | Found a gate leading to a gauntlet.
 14374 | Gauntlet | Entered a Gauntlet
 14374 | Gauntlet | Found a transporter.
 14396 | Gauntlet | Found a runed translucent gate.
 14398 | Gauntlet | Found a transporter.
 14399 | Gauntlet | Found a runed translucent gate.
 14400 | Gauntlet | Found a runed translucent gate.
 14401 | Gauntlet | Found a transporter.
 14402 | Gauntlet | Found a transporter.
 14404 | Gauntlet | Noticed a tengu warrior
 14411 | Gauntlet | Found a transporter.
 14413 | Gauntlet | Found a transporter.
 14414 | Gauntlet | Found a transporter.
 14422 | Gauntlet | Found a transporter.
 14425 | Gauntlet | Found a transporter.
 14426 | Gauntlet | Found a transporter.
 14431 | Gauntlet | Noticed a hell hog
 14434 | Gauntlet | Identified the +1 leather armour of the Candlemaker {rF+
                  | Str+3}
 14438 | Gauntlet | Found a transporter.
 14439 | Gauntlet | Found a transporter.
 14439 | Gauntlet | Found a transporter.
 14441 | Gauntlet | Noticed a death yak
 14442 | Gauntlet | Noticed a death yak
 14444 | Gauntlet | Noticed a death yak
 14446 | Gauntlet | Noticed a death yak
 14448 | Gauntlet | Identified the ring "Voscholebb" {+Fly rC+ Dex+5}
 14448 | Gauntlet | Found a transporter.
 14473 | Gauntlet | Found a runed translucent door.
 14510 | Gauntlet | Noticed a queen ant
 14558 | Gauntlet | Killed a queen ant
 14614 | Gauntlet | Killed a tengu warrior
 14792 | Gauntlet | Killed a hell hog
 15095 | Gauntlet | Killed a death yak
 15099 | Gauntlet | Killed a death yak
 15104 | Gauntlet | Killed a death yak
 15109 | Gauntlet | Killed a death yak
 15302 | Gauntlet | Identified the +9 hunting sling of the Sea {vorpal, rF+}
 15302 | Gauntlet | Noticed a minotaur
 15324 | Gauntlet | HP: 2/86 [minotaur/+4 quarterstaff of speed (20)]
 15325 | Gauntlet | Slain by a minotaur

Illustrated notes

Levels and vault maps discovered:
D:1:      heliophobic_arrival_ceremonial_halls, layout_basic
D:2:      layout_rooms, chequers_ecumenical_altar_lobes, chequers_arboretum
D:3:      layout_loops_corners, hangedman_feature_mirror
D:4:      layout_gridville
D:5:      layout_loops_ring, temple_hall, nicolae_ossuary_entry_catacombs,
          serial_shops, shop_statue, grunt_gozag_breadcrumbs, uniq_pikel,
          uniq_eustachio
D:6:      layout_layer_cave, led_sif_pool, minivault_25, lemuel_statue_altar
D:7:      layout_basic, serial_shops, nicolae_shop_stone
D:8:      layout_layer_cave
D:9:      layout_basic
D:10:     layout_roguey, erik_lair_orcish_takeover, uniq_erica
D:11:     layout_loops_corners, minmay_orc_entry_guard_dogs
D:12:     layout_cave_pods, enter_trove_0, drop_trap, uniq_azrael
Temple:   grunt_wide_crystal_templ
Lair:1:   layout_regular_city, serial_bayou_shore_a, uniq_harold,
          uniq_gastronok, uniq_grum
Lair:2:   layout_gridlike, uniq_fannar
Lair:3:   layout_regular_city, minmay_shoals_entry_hut,
          minmay_snake_entry_guardpost_medium, gauntlet_entry_generic,
          grunt_megastairs_4
Orc:1:    layout_caves, serial_shops, nicolae_shop_overgrown_old_shop,
          uniq_sonja
Gauntlet: gammafunk_gauntlet_77_escape_option
          [minmay_gauntlet_arena_77_run_for_it, minmay_gauntlet_arena_77_mess,
          minmay_gauntlet_arena_77_broken_ladder, minmay_gauntlet_arena_77_path,
          minmay_gauntlet_arena_77_tiled_triplets, gauntlet_exit_watery]

Skill      XL: |  1  2  3  4  5  6  7  8  9 10 11 12 |
---------------+-------------------------------------+-----
Fighting       | 2 3 4 5 |  5.0
Throwing       | 2 |  2.0
Dodging        | 4 5 6 7 8 9 10 | 10.9
Armour         | 1 3 4 5 6 7 |  7.9
Long Blades    | 4 5 6 7 8 10 11 | 11.9
Stealth        | 4 7 10 | 10.0
Evocations     | 1 4 6 8 |  8.8
Shields        | 3 |  3.2

Action                   |  1- 3 |  4- 6 |  7- 9 | 10-12 || total
-------------------------+-------+-------+-------+-------++-------
Melee: Long sword        |   102 |   148 |   488 |    36 ||   774
       Bite              |    19 |    13 |    79 |    90 ||   201
       Scimitar          |       |       |       |   546 ||   546
Invok: Curse Item        |       |     1 |     2 |     3 ||     6
Evoke: Wand              |       |       |     2 |    13 ||    15
  Use: Scroll            |       |    12 |     4 |    16 ||    32
       Potion            |       |     3 |     4 |     7 ||    14
 Stab: Sleeping          |       |       |    16 |    18 ||    34
       Distracted        |       |       |       |     4 ||     4
       Paralysed         |       |       |       |     5 ||     5
Armor: Leather armour    |    21 |       |    97 |    26 ||   144
       Ring mail         |     7 |    69 |    48 |       ||   124
       Skin              |       |    29 |     6 |    18 ||    53
       Scale mail        |       |       |       |    78 ||    78
Dodge: Dodged            |    80 |   107 |   429 |   286 ||   902
Block: Buckler           |       |       |     4 |   200 ||   204
       Rpst.: Long sword |    27 |    37 |   109 |       ||   173
       Scimitar          |       |       |       |    80 ||    80

Table legend: (Time is in decaauts)
 A = Elapsed time spent in this place.
 B = Non-inter-level travel time spent in this place.
 C = Inter-level travel time spent in this place.
 D = Time resting spent in this place.
 E = Time spent auto-exploring this place.
 F = Levels seen in this place.
 G = Mean time per level.
                   A        B        C        D        E       F      G
               +--------+--------+--------+--------+--------+-----+--------+
         Total |  15314 |  14416 |    898 |   2918 |   8119 |  19 |  806.0 |
       Dungeon |  11199 |  10396 |    803 |   1470 |   6635 |  12 |  933.2 |
        Temple |     87 |     75 |     12 |      0 |     65 |   1 |   87.0 |
          Lair |   2830 |   2747 |     83 |    926 |   1286 |   3 |  943.3 |
  Orcish Mines |      4 |      4 |      0 |      0 |      0 |   1 |    4.0 |
       Ossuary |    284 |    284 |      0 |     34 |     75 |   1 |  284.0 |
      Gauntlet |    909 |    909 |      0 |    488 |     57 |   1 |  909.0 |
               +--------+--------+--------+--------+--------+-----+--------+

Top non-repeatable levels by time:
  Lair:1: 1591 daAuts
     D:6: 1418 daAuts
    D:11: 1272 daAuts
     D:8: 1187 daAuts
  Lair:2: 1167 daAuts
    D:10: 1151 daAuts
     D:5: 1042 daAuts
     D:7: 985 daAuts
Gauntlet: 909 daAuts
     D:3: 857 daAuts
     D:9: 799 daAuts
     D:2: 780 daAuts
     D:1: 747 daAuts
     D:4: 564 daAuts
    D:12: 392 daAuts
